 Dungeon Crawl Stone Soup version 0.28-a0-1545-g945cd3f27e (webtiles) character file.

Game seed: 4102040711602493385

92 Ijustatesigmund the Chopper (level 4, -3/61 HPs)
             Began as a Hill Orc Fighter on Jan 18, 2022.
             Succumbed to a water moccasin's poison
             ... in a sewer.
             The game lasted 00:01:57 (2042 turns).

Ijustatesigmund the Chopper (Hill Orc Fighter)      Turns: 2042, Time: 00:01:57

Health: -3/61      AC:  8    Str: 20    XL:     4   Next: 60%
Magic:  4/4        EV:  9    Int:  8    God:
Gold:   50         SH:  4    Dex: 10    Spells: 3/3 levels left

rFire   . . .      SeeInvis .   a - +0 war axe
rCold   . . .      Faith    .   c - +0 buckler
rNeg    . . .      Spirit   .   b - +0 scale mail
rPois   .          Reflect  .   (no helmet)
rElec   .          Harm     .   e - +0 cloak
rCorr   .          Rampage  .   (no gloves)
Will    .....                   (no boots)
Stlth   ..........              (no amulet)
HPRegen 0.20/turn               (no ring)
MPRegen 0.09/turn               (no ring)

@: berserking, lethally poisoned (-3 -> -23), very quick
A: no striking features
a: no special abilities


You were in a sewer.
You visited 1 branch of the dungeon, and saw 3 of its levels.
You also visited: Sewer.

You collected 50 gold pieces.

Inventory:

Hand Weapons
 a - a +0 war axe (weapon)
Armour
 b - a +0 scale mail (worn)
 c - a +0 buckler (worn)
 e - a +0 cloak (worn)
Potions
 d - a potion of might
 f - a potion of mutation
 g - a potion of berserk rage


   Skills:
 + Level 4.6 Fighting
 * Level 5.3 Axes
 - Level 3.2 Armour
 - Level 3.2 Shields


You had 3 spell levels left.
You didn't know any spells.
Your spell library contained the following spells:

 Spells                   Type           Power      Damage    Failure   Level
 Fireball                 Conj/Fire      0%         3d3       100%        5
 Starburst                Conj/Fire      0%         6d3       100%        6
 Ignition                 Fire           0%         3d3       100%        8


Dungeon Overview and Level Annotations

Branches:
Dungeon (3/15)              Sewer (1/1)

Altars:


Message History

The water moccasin bites you but does no damage.
The water moccasin bites you.
You closely miss the water moccasin.
The water moccasin is severely wounded.
The water moccasin bites you.
You are poisoned.
The water moccasin poisons you!
You hit the water moccasin.
The water moccasin is almost dead.
You feel very sick. The water moccasin bites you.
You are more poisoned.
The water moccasin poisons you!
The water moccasin bites you but does no damage.
You barely miss the water moccasin.
The water moccasin is almost dead.
You feel very sick.
The water moccasin bites you but does no damage.
The water moccasin barely misses you.
You barely miss the water moccasin.
The water moccasin is almost dead.
You feel very sick. The water moccasin misses you.
The water moccasin bites you but does no damage.
You closely miss the water moccasin.
The water moccasin is almost dead.
You feel very sick. The water moccasin bites you.
* * * LOW HITPOINT WARNING * * *
You are lethally poisoned!
The water moccasin poisons you! The water moccasin bites you!
* * * LOW HITPOINT WARNING * * *
A red film seems to cover your vision as you go berserk!
You feel yourself moving faster!
You feel mighty!
* * * LOW HITPOINT WARNING * * *
You feel very sick. The water moccasin barely misses you.
You miss the water moccasin.
The water moccasin is almost dead.
You die...

#.# #.# #######
#.# ##.....## #.#
##...≈...#
#.#######...≈≈≈...
#..........≈≈≈≈≈.∩
#.#######...≈≈≈...
#.# ##...≈...# #@#
##.....## #S#
####### ... .....
....... #.......#
#.......#
#..$($..#


You could see a water moccasin.

Vanquished Creatures
  4 adders (D:2)
  A river rat (D:3)
  A dart slug (D:2)
  7 ball pythons
  6 endoplasms
  3 giant cockroaches
  3 hobgoblins (D:1)
  5 jackals
  3 kobolds
  A quokka (D:2)
  4 bats
  2 goblins (D:1)
  2 rats (D:1)
42 creatures vanquished.

Notes
Turn   | Place    | Note
-------+----------+-------------------------------------------
     0 | D:1      | Ijustatesigmund the Hill Orc Fighter began the quest for
                  | the Orb.
     0 | D:1      | Reached XP level 1. HP: 19/19 MP: 1/1
    59 | D:1      | Reached skill level 3 in Axes
   158 | D:1      | Reached XP level 2. HP: 27/27 MP: 2/2
   509 | D:1      | Found a faded altar of an unknown god.
   781 | D:1      | Reached skill level 4 in Axes
   905 | D:2      | Reached XP level 3. HP: 33/33 MP: 3/3
  1470 | D:2      | Reached XP level 4. HP: 41/41 MP: 4/4
  1486 | D:2      | Reached skill level 5 in Axes
  1959 | D:3      | Found a glowing drain.
  1975 | Sewer    | Entered a sewer
  2026 | Sewer    | Noticed a water moccasin
  2041 | Sewer    | HP: 1/61 [poisoned by a water moccasin]
  2042 | Sewer    | Succumbed to a water moccasin's poison

Illustrated notes

Levels and vault maps discovered:
D:1:      dpeg_arrival_long_road, layout_loops_ring, basic_ecumenical_altar,
          minmay_3d_cube
D:2:      layout_loops_corners, nrook_mini_backslash
D:3:      layout_loops_corners, lemuel_coloured_pillars_altar,
          cheibrodos_sewer_entry_sluice, gammafunk_ghost_necromancy
Sewer:    sewer_big_baddie

Skill      XL: |  1  2  3  4 |
---------------+-------------+-----
Axes           | 3 4 5 |  5.3
Fighting       | 4 |  4.6
Armour         | |  3.2
Shields        | |  3.2

Action                   |  1- 3 |  4- 6 || total
-------------------------+-------+-------++-------
Melee: War axe           |    70 |    39 ||   109
  Use: Scroll            |       |     1 ||     1
       Potion            |       |     1 ||     1
Armor: Scale mail        |    27 |    21 ||    48
Dodge: Dodged            |    35 |    25 ||    60
Block: Buckler           |    13 |    13 ||    26

Table legend: (Time is in decaauts)
 A = Elapsed time spent in this place.
 B = Non-inter-level travel time spent in this place.
 C = Inter-level travel time spent in this place.
 D = Time resting spent in this place.
 E = Time spent auto-exploring this place.
 F = Levels seen in this place.
 G = Mean time per level.
                   A        B        C        D        E       F      G
               +--------+--------+--------+--------+--------+-----+--------+
         Total |   2078 |   2051 |     27 |     29 |   1735 |   4 |  519.5 |
       Dungeon |   2007 |   1980 |     27 |      0 |   1722 |   3 |  669.0 |
         Sewer |     71 |     71 |      0 |     29 |     13 |   1 |   71.0 |
               +--------+--------+--------+--------+--------+-----+--------+

Top non-repeatable levels by time:
     D:2: 1008 daAuts
     D:1: 900 daAuts
     D:3: 98 daAuts
   Sewer: 71 daAuts
